 Dungeon Crawl Stone Soup version 0.30-a0-1066-g63dfefce0d (webtiles) character file.

Game seed: 18016705855054287580

215936 vineage the Bludgeoner (level 19, -1/132 HPs)
             Began as a Gargoyle Fighter on Apr 12, 2023.
             Was a High Priest of Okawaru.
             Killed from afar by a hellion (20 damage)
             ... with damnation
             ... summoned by a deep elf demonologist
             ... on level 3 of the Elven Halls.
             The game lasted 00:46:51 (31643 turns).

vineage the Bludgeoner (Gargoyle Fighter)          Turns: 31643, Time: 00:46:52

Health: -1/132     AC: 51    Str: 30    XL:     19   Next: 4%
Magic:  21/24      EV: 11    Int:  5    God:    Okawaru [*****.]
Gold:   2640       SH: 19    Dex:  9    Spells: 18/18 levels left

rFire   + + +      SeeInvis +    N - +5 eveningstar of Classification {speed, rPois SInv}
rCold   + . .      Faith    .    S - +5 kite shield of Ucwylo {+Blink rF+ Regen+ Str-3}
rNeg    + + .      Spirit   .    O - +8 plate armour of the Accordion {Str+2}
rPois   ∞          Reflect  .    x - +2 hat of vineage's Valiance {rF+ Str+6}
rElec   +          Rampage  .    I - scarf {repulsion}
rCorr   .          Rage     50%  F - +0 pair of gloves
Will    +++..                    w - +0 pair of boots Stlth
                                 H - necklace of Bloodlust {Fury *Rage Will++ Int-3 Slay+6}
HPRegen 1.22/turn                Y - ring "Hyramiph" {rF+ rC+ rN+}
MPRegen 0.19/turn                Q - ring "Zuvepnou" {Fly AC+4 Int-4 Slay+3}

@: about to teleport, heroic, on berserk cooldown, flying, slowed, repel
missiles, very slow
A: sickness immunity, AC +14, big wings, negative energy resistance 1,
electricity resistance, torment resistance 1, petrification resistance
}: 1/15 runes: decaying
a: Renounce Religion, Evoke Blink, Heroism, Finesse, Duel


You were on level 3 of the Elven Halls.
You worshipped Okawaru.
Okawaru was extremely pleased with you.
You visited 6 branches of the dungeon, and saw 30 of its levels.
You also visited: Sewer.

You collected 4374 gold pieces.
You spent 1734 gold pieces at shops.

Inventory:

Hand Weapons
 a - a +1 flail
 z - a +2 flail of draining
 L - a +0 morningstar of venom
 N - the +5 eveningstar of Classification (weapon) {speed, rPois SInv}
   (You acquired it on level 1 of the Lair of Beasts)

   rPois:     It protects you from poison.
   SInv:      It lets you see invisible.
Armour
 w - a +0 pair of boots (worn)
 x - the +2 hat of vineage's Valiance (worn) {rF+ Str+6}
   (Okawaru gifted it to you on level 10 of the Dungeon)

   Str:       It affects your strength (+6).
   rF:        It protects you from fire.
 F - a +0 pair of gloves (worn)
 I - a scarf of repulsion (worn)
 O - the +8 plate armour of the Accordion (worn) {Str+2}
   (You bought it in a shop on level 3 of the Elven Halls)

   Str:       It affects your strength (+2).
 S - the +5 kite shield of Ucwylo (worn) {+Blink rF+ Regen+ Str-3}
   (Okawaru gifted it to you on level 4 of the Lair of Beasts)

   Str:       It affects your strength (-3).
   rF:        It protects you from fire.
   +Blink:    It lets you blink.
   Regen:     It increases your rate of health regeneration.
 V - the +1 hat of the Distant Future {rN+ Will+ Str+7 Dex-3}
   (You found it on level 1 of the Swamp)

   Str:       It affects your strength (+7).
   Dex:       It affects your dexterity (-3).
   rN:        It protects you from negative energy.
   Will:      It increases your willpower.
Jewellery
 m - a ring of resist corrosion
 p - a ring of see invisible
 v - a ring of willpower
 D - a ring of protection from cold
 H - the necklace of Bloodlust (around neck) {Fury *Rage Will++ Int-3 Slay+6}
   (You found it on level 8 of the Dungeon)

   [amulet of nothing]

   Fury:      It extends the wearer's berserk rage when killing foes.
   Int:       It affects your intelligence (-3).
   Slay:      It affects your accuracy & damage with ranged weapons and melee
   (+6).
   *Rage:     It berserks you when you make melee attacks (+50% chance).
   Will:      It greatly increases your willpower.
 M - a ring of protection from fire
 Q - the ring "Zuvepnou" (right hand) {Fly AC+4 Int-4 Slay+3}
   (You found it on level 1 of the Swamp)

   [ring of protection]

   AC:        It affects your AC (+4).
   Int:       It affects your intelligence (-4).
   Slay:      It affects your accuracy & damage with ranged weapons and melee
   (+3).
   Fly:       It grants you flight.
 Y - the ring "Hyramiph" (left hand) {rF+ rC+ rN+}
   (You found it on level 1 of the Elven Halls)

   [ring of protection from cold]

   rF:        It protects you from fire.
   rC:        It protects you from cold.
   rN:        It protects you from negative energy.
Wands
 b - a wand of mindburst (33)
 k - a wand of digging (11)
 t - a wand of acid (12)
 J - a wand of flame (91)
 K - a wand of iceblast (48)
Scrolls
 c - 3 scrolls of brand weapon
 g - 5 scrolls of teleportation
 h - a scroll of magic mapping
 o - 2 scrolls of fear
 r - 8 scrolls of enchant armour
 u - a scroll of fog
 y - 8 scrolls of identify
 C - 5 scrolls of poison
 R - 2 scrolls of enchant weapon
 T - 5 scrolls of amnesia
 U - a scroll of blinking
Potions
 d - 4 potions of brilliance
 e - 12 potions of attraction
 f - 2 potions of cancellation
 i - 2 potions of magic
 j - 9 potions of mutation
 l - 13 potions of curing
 n - 7 potions of haste
 q - 3 potions of ambrosia
 s - 5 potions of invisibility
 A - 5 potions of might
 B - 2 potions of lignification
 E - 6 potions of flight
 P - a potion of heal wounds


   Skills:
 + Level 19.0(24.0) Fighting
 * Level 19.8(24.8) Maces & Flails
 + Level 15.8(20.8) Armour
 + Level 5.4(10.4) Dodging
 + Level 15.6(20.6) Shields
 - Level 7.7 Invocations


You had 18 spell levels left.
You didn't know any spells.
Your spell library contained the following spells:

 Spells                   Type           Power      Damage    Failure   Level
 Apportation              Tloc           0%         N/A       96%         1
 Freeze                   Ice            0%         1d3       96%         1
 Dazzling Flash           Conj/Hex       0%         N/A       100%        3
 Frozen Ramparts          Ice            0%         1d1       100%        3
 Hailstorm                Conj/Ice       0%         3d3       100%        3
 Ignite Poison            Fire/Tmut/Pois 0%         N/A       100%        3
 Inner Flame              Hex/Fire       0%         N/A       100%        3
 Ozocubu's Armour         Ice            0%         N/A       100%        3
 Portal Projectile        Hex/Tloc       0%         N/A       100%        3
 Vhi's Electric Charge    Tloc/Air       0%         N/A       100%        3
 Volatile Blastmotes      Fire/Tloc      0%         2d10      100%        3
 Dispel Undead            Necr           0%         3d6       100%        4
 Flame Wave               Conj/Fire      0%         2d4       100%        4
 Ice Form                 Ice/Tmut       0%         N/A       100%        4
 Iskenderun's Mystic Bla  Conj/Tloc      0%         2d3       100%        4
 Leda's Liquefaction      Hex/Erth       0%         N/A       100%        4
 Passage of Golubria      Tloc           0%         N/A       100%        4
 Sticky Flame             Conj/Fire      0%         2d3       100%        4
 Alistair's Intoxication  Tmut/Pois      0%         N/A       100%        5
 Arcjolt                  Conj/Air       0%         1d10      100%        5
 Borgnjor's Vile Clutch   Necr/Erth      0%         N/A       100%        5
 Freezing Cloud           Conj/Ice/Air   0%         6-21      100%        5
 Lee's Rapid Deconstruct  Erth           0%         3d4*      100%        5
 Metabolic Englaciation   Hex/Ice        0%         N/A       100%        5
 Yara's Violent Unravell  Hex/Tmut       0%         3d3       100%        5
 Eringya's Noxious Bog    Tmut/Pois      0%         N/A       100%        6
 Plasma Beam              Fire/Air       0%         2x1d11    100%        6
 Starburst                Conj/Fire      0%         6d3       100%        6
 Maxwell's Capacitive Co  Air            0%         ∞         100%        8
 Cigotuvi's Dreadful Rot  Necr/Pois/Air  Unusable   N/A       N/A         2
 Call Canine Familiar     Summ           Unusable   N/A       N/A         3
 Tukima's Dance           Hex            Unusable   N/A       N/A         3
 Summon Ice Beast         Ice/Summ       Unusable   N/A       N/A         4
 Death Channel            Necr           Unusable   N/A       N/A         6
 Simulacrum               Ice/Necr       Unusable   N/A       N/A         6
 Statue Form              Tmut/Erth      Unusable   N/A       N/A         6

Dungeon Overview and Level Annotations

Branches:
Dungeon (15/15)            Temple (1/1) D:5            Lair (5/5) D:11
  Swamp (4/4) Lair:2        Snake (0/4) Lair:3        Slime (0/5) Lair:4
    Orc (2/2) D:10            Elf (3/3) Orc:2        Vaults (0/5) D:13
 Depths (0/4) D:15          Sewer (visited)

Altars:
Ashenzari
Cheibriados
Dithmenos
Elyvilon
Fedhas
Gozag
Hepliaklqana
Kikubaaqudgha
Makhleb
Nemelex Xobeh
Okawaru
Qazlal
Ru
Sif Muna
Trog
Uskayaw
Vehumet
Wu Jian
Xom
Yredelemnul
Zin
The Shining One
Jiyva

Shops:
D:3 !   D:7 (   Orc:2 :(*:   Elf:3 [

Annotations:
D:10 1 runed translucent door


Innate Abilities, Weirdness & Mutations

You are immune to sickness and miasma.
Your stone body is resilient. (AC +14)
You are immune to poison.
Your large and strong wings let you fly.
You resist negative energy. (rN+)
You are resistant to electric shocks. (rElec)
You are resistant to unholy torment.
You are immune to petrification.


Message History

You sock the Hell Sentinel!
The Hell Sentinel is moderately wounded.
The Hell Sentinel hits you but does no damage.
You block the Hell Sentinel's attack.
You hit the Hell Sentinel but do no damage.
The Hell Sentinel is moderately wounded.
The neqoxec is engulfed in blazing flames.
The Hell Sentinel gestures at you.
The sphere of damnation explodes!
The damnation engulfs you!!!
* * * LOW HITPOINT WARNING * * *
The damnation engulfs the Hell Sentinel.
The Hell Sentinel completely resists.
You hear a shout! x2
You gain the combat prowess of a mighty hero.
The Hell Sentinel hits you but does no damage. x2
The deep elf demonologist casts a spell.
The hellion gestures at you.
The sphere of damnation explodes!
The damnation engulfs you.
* * * LOW HITPOINT WARNING * * *
The damnation engulfs the Hell Sentinel.
The Hell Sentinel completely resists.
You feel much better.
The Hell Sentinel hits you but does no damage. x3
You block the Hell Sentinel's attack.
As you read the scroll of teleportation, it crumbles to dust.
You feel strangely unstable.
The deep elf demonologist gestures wildly while chanting.
You block the Hell Sentinel's attack.
The Hell Sentinel hits you but does no damage.
You hit the Hell Sentinel.
The Hell Sentinel is moderately wounded.
The Hell Sentinel gestures at you.
The sphere of damnation explodes!
The damnation engulfs you!!
* * * LOW HITPOINT WARNING * * *
The damnation engulfs the Hell Sentinel.
The Hell Sentinel completely resists.
The deep elf demonologist casts a spell.
The hellion gestures at you.
The sphere of damnation explodes!
The damnation engulfs you!!
You die...

!##.....###.###...
:###..##°e...# ..
)$####......$ #
#2#..☼○e.......
##4#4E......☼...
#Eee4E2§..°☼...E
##e#3☼§......°
###1#..*..[....
#$)@#..3....[..
#$)######.e4....
?)$[# #3....#
##!## ##.### # ##


You could see a Hell Sentinel (summoned), 3 deep elf demonologists, an orange
demon (summoned), a hellion (summoned) and a fire elemental (summoned).

Vanquished Creatures
  Jorgrun (D:15)
  A lich (D:10)
  3 deep elf blademasters
  2 deep elf master archers (Elf:3)
  The ghost of Zoigrime the Blocker, an adept FoFi of Jiyva (Swamp:1)
  An azure jelly (Swamp:4)
  The ghost of qborf the Devastator, an adept DsCj of Gozag (Elf:2)
  A fenstrider witch (Swamp:4)
  6 deep elf sorcerers
  An orc warlord (Orc:1)
  2 ghouls (Swamp:4)
  5 deep elf elementalists (Elf:3)
  2 deep elf demonologists
  5 deep elf annihilators
  4 eleionomae
  7 bunyips
  A dire elephant (Lair:5)
  Snorg (D:13)
  Azrael (D:13)
  3 deep elf death magi (Elf:3)
  3 deep elf high priests (Elf:3)
  2 fire dragons
  3 ice dragons
  A yaktaur captain (D:10)
  3 catoblepae
  A spriggan air mage (Swamp:4)
  4 ogre magi
  Erica (Orc:1)
  7 hydras
  The ghost of Kaepny the Nimble, a journeyman SpBr of Dithmenos (D:15)
  4 ghost crabs
  7 centaur warriors
  The ghost of GrimJard the Spear-Bearer, a journeyman OpCK of Ashenzari (D:10)
  7 alligators
  10 death yaks
  3 boulder beetles
  22 dancing weapons
  14 two-headed ogres
  4 tengu warriors
  An orc high priest (Orc:2)
  8 spriggans
  The ghost of Xtruder99 the Covert, a novice OpTm of Cheibriados (D:9)
  5 skeletal warriors (D:14)
  3 skysharks
  15 deep elf knights
  2 spectral spriggans (Swamp:1)
  9 goliath frogs
  2 deep trolls (Orc:2)
  A spectral hydra (Swamp:1)
  7 swamp dragons
  7 deep elf archers
  13 bog bodies
  2 spriggan druids (Swamp:3)
  25 deep elf pyromancers
  3 wizards
  Pikel (D:9)
  An orc knight (Orc:1)
  18 deep elf zephyrmancers
  12 ugly things
  3 lindwurms (Lair:5)
  A necromancer (D:10)
  6 cyclopes
  4 will-o-the-wisps
  5 manticores
  Maurice (D:13)
  3 black mambas
  5 elephants
  8 cane toads
  2 efreet (D:15)
  5 torpor snails (Lair:5)
  5 rime drakes
  4 freezing wraiths (Swamp:4)
  A kobold demonologist (D:9)
  A yaktaur (D:13)
  9 komodo dragons
  An unseen horror (D:11)
  A bloated husk (Swamp:3)
  11 polar bears
  A spectral death drake (Swamp:1)
  14 trolls
  13 tyrant leeches
  12 hornets
  15 blink frogs
  Prince Ribbit (D:9)
  Grinder (D:4)
  8 dream sheep
  Sigmund (D:4)
  A shadow (D:10)
  3 air elementals
  32 yaks
  A culicivora (shapeshifter) (D:13)
  2 vampires (D:10)
  9 wyverns
  The ghost of KineticRobot the Grave Robber, an amateur VSNe of Wu Jian (D:4)
  Eustachio (D:6)
  5 fire elementals
  2 wraiths
  4 basilisks
  A water elemental (Elf:3)
  11 vampire mosquitoes
  A steam dragon (D:7)
  20 swamp worms
  A basilisk (shapeshifter) (D:13)
  4 swamp worm simulacra (Swamp:4)
  Menkaure (D:4)
  3 wargs
  13 water moccasins
  2 acid dragons
  2 nagas (Lair:3)
  18 hydra simulacra (Swamp:4)
  5 hell hounds (D:13)
  15 orc warriors
  A swamp drake (Swamp:4)
  A meliai simulacrum (D:10)
  3 ice beasts
  8 black bears
  27 ogres
  A sky beast (D:7)
  A boggart (Elf:1)
  40 wolves
  13 centaurs
  2 lemures (D:9)
  16 kobold brigands
  2 earth elementals
  15 bullfrogs
  A gnoll sergeant (D:5)
  A scorpion (D:5)
  A necrophage (Swamp:4)
  36 killer bees
  2 electric eels
  5 hounds
  2 jellies
  Crazy Yiuf (D:7)
  11 orc priests
  3 sleepcaps
  Jessica (D:2)
  A gnoll bouda (D:10)
  2 iguanas
  18 orc wizards
  4 hell rats (Lair:5)
  A boggart simulacrum (D:10)
  Robin (D:2)
  10 gnolls
  A river rat (Sewer)
  4 adders
  2 shadow imps (D:6)
  A white imp (D:7)
  4 swamp drake simulacra (Swamp:4)
  8 worms
  6 dart slugs
  54 orcs
  9 bats
  16 endoplasms
  8 giant cockroaches
  16 goblins
  9 hobgoblins
  3 quokkas
  13 ball pythons
  6 frilled lizards
  37 kobolds
  9 rats
  2 briar patches (Swamp:1)
1022 creatures vanquished.

Vanquished Creatures (others)
  A fire giant (D:10)
  A hydra (Swamp:4)
  A deep elf knight (Elf:1)
  2 goliath frogs (Swamp:4)
  2 bunyip simulacra (Swamp:1)
  A hornet (Swamp:4)
  2 bloated husks (Swamp:1)
  A tyrant leech (Swamp:1)
  A spriggan (Swamp:4)
  A hydra simulacrum (Swamp:1)
  20 foxfires
  18 fungi
  37 plants
88 creatures vanquished.

Grand Total: 1110 creatures vanquished

Notes
Turn   | Place    | Note
-------+----------+-------------------------------------------
     0 | D:1      | vineage the Gargoyle Fighter began the quest for the Orb.
     0 | D:1      | Reached XP level 1. HP: 14/14 MP: 1/1
    83 | D:1      | Reached XP level 2. HP: 20/20 MP: 2/2
   334 | D:1      | Reached XP level 3. HP: 21/24 MP: 3/3
   665 | D:2      | Found an ornate altar of the Wu Jian Council.
   716 | D:2      | Noticed Jessica
   745 | D:2      | Killed Jessica
   746 | D:2      | Reached skill level 5 in Fighting
   746 | D:2      | Reached XP level 4. HP: 15/31 MP: 4/4
  1008 | D:2      | Found a faded altar of an unknown god.
  1251 | D:2      | Noticed Robin
  1275 | D:2      | Killed Robin
  1459 | D:3      | Reached XP level 5. HP: 35/36 MP: 5/5
  1677 | D:3      | Found a glowing drain.
  1702 | Sewer    | Entered a sewer
  1933 | Sewer    | Noticed a kobold brigand
  1940 | Sewer    | Noticed a kobold brigand
  1960 | Sewer    | Killed a kobold brigand
  1961 | Sewer    | Reached XP level 6. HP: 37/42 MP: 6/6
  2302 | D:3      | Found a burning altar of Makhleb.
  2312 | D:3      | Found Tuutul's Distillery.
  2368 | D:3      | Found a hide-covered altar of Uskayaw.
  2766 | D:4      | Found a runed translucent gate.
  2767 | D:4      | Found a runed translucent gate.
  2767 | D:4      | Noticed KineticRobot's ghost (amateur VSNe)
  2768 | D:4      | Found a runed translucent gate.
  2785 | D:4      | Noticed Grinder
  2787 | D:4      | Noticed Menkaure
  2798 | D:4      | Killed Menkaure
  2799 | D:4      | Reached XP level 7. HP: 37/48 MP: 7/7
  2804 | D:4      | Killed Grinder
  3002 | D:4      | Noticed Sigmund
  3024 | D:4      | Killed Sigmund
  3025 | D:4      | Reached XP level 8. HP: 41/54 MP: 8/8
  3361 | D:4      | Reached skill level 5 in Maces & Flails
  3444 | D:4      | Killed KineticRobot's ghost
  3445 | D:4      | Reached skill level 5 in Armour
  3448 | D:4      | Reached skill level 5 in Shields
  3530 | D:5      | Entered Level 5 of the Dungeon
  3621 | D:5      | Found a staircase to the Ecumenical Temple.
  3651 | Temple   | Entered the Ecumenical Temple
  3762 | Temple   | Became a worshipper of Warmaster Okawaru
  4472 | D:6      | Noticed Eustachio
  4482 | D:6      | Reached XP level 9. HP: 55/60 MP: 9/9
  4532 | D:6      | Killed Eustachio
  4532 | D:6      | Reached * piety under Okawaru
  4691 | D:6      | Found a hazy altar of Hepliaklqana.
  4692 | D:6      | Found a shadowy altar of Dithmenos.
  5194 | D:6      | Identified a scroll of acquirement
  5194 | D:6      | Acquired 893 gold pieces
  5357 | D:7      | Reached ** piety under Okawaru
  5794 | D:7      | Reached skill level 10 in Fighting
  5849 | D:7      | Found a huge runed translucent gate.
  5849 | D:7      | Found a huge runed translucent gate.
  5849 | D:7      | Noticed a polar bear
  5850 | D:7      | Found a huge runed translucent gate.
  5850 | D:7      | Noticed a polar bear
  5850 | D:7      | Noticed a polar bear
  5850 | D:7      | Noticed a polar bear
  5851 | D:7      | Found a huge runed translucent gate.
  5851 | D:7      | Noticed a manticore
  5851 | D:7      | Noticed a polar bear
  5852 | D:7      | Noticed a death yak
  5852 | D:7      | Noticed a death yak
  5852 | D:7      | Noticed a polar bear
  5955 | D:7      | Found Regehurgh's Antique Weapon Emporium.
  6415 | D:7      | Found a runed translucent door.
  6416 | D:7      | Noticed Crazy Yiuf
  6424 | D:7      | Killed Crazy Yiuf
  6593 | D:8      | Reached skill level 1 in Invocations
  6598 | D:8      | Reached XP level 10. HP: 62/68 MP: 8/11
  6820 | D:8      | Found the necklace of Bloodlust {Fury *Rage Will++ Int-3
                  | Slay+6}
  6866 | D:8      | Noticed a two-headed ogre
  6878 | D:8      | Killed a two-headed ogre
  6878 | D:8      | Reached *** piety under Okawaru
  7862 | D:9      | Noticed a centaur warrior
  7880 | D:9      | Killed a centaur warrior
  7912 | D:9      | Reached **** piety under Okawaru
  7913 | D:9      | Reached skill level 5 in Invocations
  8254 | D:9      | Reached XP level 11. HP: 74/74 MP: 14/14
  8282 | D:9      | You fall into a shaft and drop 2 floors!
  8285 | D:11     | Found a staircase to the Lair.
  8381 | D:10     | Entered Level 10 of the Dungeon
  8685 | D:9      | Noticed Pikel
  8811 | D:9      | Noticed Prince Ribbit
  8821 | D:9      | Killed Prince Ribbit
  8915 | D:9      | Found a runed translucent gate.
  8915 | D:9      | Found a runed translucent gate.
  8916 | D:9      | Found a runed translucent gate.
  8916 | D:9      | Noticed Xtruder99's ghost (novice OpTm)
  9124 | D:9      | Killed Pikel
  9159 | D:9      | Noticed a sixfirhy
  9192 | D:9      | Killed Xtruder99's ghost
  9192 | D:9      | Reached ***** piety under Okawaru
  9356 | D:10     | Found a staircase to the Orcish Mines.
  9544 | D:10     | Found a runed translucent door.
  9651 | D:10     | Found a runed translucent door.
  9682 | D:10     | Identified the +2 hat of vineage's Valiance {rF+ Str+6}
                  | (Okawaru gifted it to you on level 10 of the Dungeon)
  9682 | D:10     | Received a gift from Okawaru
  9722 | D:10     | Noticed a boulder beetle
  9722 | D:10     | Noticed a lich
  9722 | D:10     | Noticed GrimJard's ghost (journeyman OpCK)
  9723 | D:10     | Noticed a fire giant
  9768 | D:10     | Noticed a yaktaur captain
  9769 | D:10     | Noticed a necromancer
  9906 | D:7      | Killed a death yak
  9907 | D:7      | Reached skill level 10 in Maces & Flails
  9923 | D:7      | Killed a death yak
  9938 | D:7      | Killed a manticore
  9939 | D:7      | Reached XP level 12. HP: 16/82 MP: 16/16
 10508 | D:10     | Killed a boulder beetle
 10516 | D:10     | Killed a fire giant
 10527 | D:10     | Killed GrimJard's ghost
 10537 | D:10     | Killed a yaktaur captain
 10548 | D:10     | Killed a lich
 11339 | D:11     | Received a gift from Okawaru
 12007 | Lair:1   | Entered Level 1 of the Lair of Beasts
 12023 | Lair:1   | Reached XP level 13. HP: 90/90 MP: 17/17
 12740 | Lair:1   | Identified the +6 war axe of Scorn {heavy, Dex+5}
 12752 | Lair:1   | You fall into a shaft and drop 1 floor!
 12939 | Lair:2   | Reached skill level 10 in Armour
 13123 | Lair:1   | Received a gift from Okawaru
 13941 | Lair:1   | Identified the staff of conjuration "Imasol" {Will+}
 14079 | Lair:1   | Acquired the +5 eveningstar of Classification {speed, rPois
                  | SInv}
 14157 | Lair:2   | Reached skill level 10 in Shields
 14496 | Lair:2   | Found a staircase to the Swamp.
 15256 | Lair:3   | Identified the +5 eveningstar "Rippott" {freeze, rN+
                  | Stlth+} (Okawaru gifted it to you on level 3 of the Lair of
                  | Beasts)
 15256 | Lair:3   | Received a gift from Okawaru
 15305 | Lair:3   | Reached ****** piety under Okawaru
 15343 | Lair:3   | Found a staircase to the Snake Pit.
 15355 | Lair:3   | Reached skill level 15 in Fighting
 16399 | Lair:4   | Gained mutation: Your large and strong wings let you fly.
                  | [Gargoyle growth]
 16399 | Lair:4   | Reached XP level 14. HP: 98/98 MP: 19/19
 16901 | Lair:4   | Found a staircase to the Slime Pits.
 16902 | Lair:4   | Found a viscous altar of Jiyva.
 17020 | Lair:4   | Identified the +5 kite shield of Ucwylo {+Blink rF+ Regen+
                  | Str-3} (Okawaru gifted it to you on level 4 of the Lair of
                  | Beasts)
 17020 | Lair:4   | Received a gift from Okawaru
 17236 | Lair:5   | Entered Level 5 of the Lair of Beasts
 17628 | Lair:5   | Noticed a dire elephant
 17634 | Lair:5   | Killed a dire elephant
 17638 | Lair:5   | Identified the +0 crystal plate armour "Hero's Friend"
                  | {Will+ rCorr MP-9} (Okawaru gifted it to you on level 5 of
                  | the Lair of Beasts)
 17638 | Lair:5   | Received a gift from Okawaru
 18194 | Lair:5   | Found a runed translucent door.
 18339 | Lair:5   | Reached XP level 15. HP: 94/104 MP: 20/20
 19007 | Orc:1    | Entered Level 1 of the Orcish Mines
 19288 | Orc:1    | Noticed Erica
 19300 | Orc:1    | Killed Erica
 19372 | Orc:1    | Noticed an orc warlord
 19403 | Orc:1    | Killed an orc warlord
 19404 | Orc:1    | Reached skill level 15 in Maces & Flails
 19407 | Orc:1    | Received a gift from Okawaru
 19538 | Orc:2    | Entered Level 2 of the Orcish Mines
 19877 | Orc:2    | Received a gift from Okawaru
 20178 | Orc:2    | Found a staircase to the Elven Halls.
 20287 | Orc:2    | Found Piph's Antique Weapon Shop.
 20292 | Orc:2    | Found Gaf Xibb's Book Shoppe.
 20297 | Orc:2    | Found Ynomuant's Book Boutique.
 20298 | Orc:2    | Found Akou's Assorted Antiques.
 21519 | D:13     | Found a gate to the Vaults.
 21557 | D:13     | Received a gift from Okawaru
 21568 | D:13     | Noticed Azrael
 21592 | D:13     | Killed Azrael
 21650 | D:13     | Noticed Snorg
 21662 | D:13     | Killed Snorg
 21827 | D:13     | Noticed Maurice
 21836 | D:13     | Killed Maurice
 22130 | D:14     | Reached XP level 16. HP: 112/112 MP: 21/21
 22668 | D:15     | Entered Level 15 of the Dungeon
 22895 | D:15     | Received a gift from Okawaru
 23112 | D:15     | Found a runed translucent door.
 23114 | D:15     | Noticed Kaepny's ghost (journeyman SpBr)
 23250 | D:15     | Noticed Jorgrun
 23269 | D:15     | Killed Jorgrun
 23426 | D:15     | Found a staircase to the Depths.
 23653 | D:15     | Killed Kaepny's ghost
 23823 | Orc:2    | Bought a shiny plate armour for 754 gold pieces
 23963 | Swamp:1  | Entered Level 1 of the Swamp
 24027 | Swamp:1  | Received a gift from Okawaru
 24124 | Swamp:1  | Found a transporter.
 24175 | Swamp:1  | Found a transporter.
 24470 | Swamp:1  | Found a transporter.
 24474 | Swamp:1  | Noticed Zoigrime's ghost (adept FoFi)
 24599 | Swamp:1  | Found a transporter.
 25041 | Swamp:1  | Killed Zoigrime's ghost
 25207 | Swamp:1  | Identified the ring "Wueruuffesy" {*Corrode rPois Str+6
                  | Dex+5}
 25320 | Swamp:1  | Identified the ring "Zuvepnou" {Fly AC+4 Int-4 Slay+3}
 25323 | Swamp:1  | Identified the +1 hat of the Distant Future {rN+ Will+
                  | Str+7 Dex-3}
 25585 | Swamp:2  | Reached XP level 17. HP: 111/119 MP: 22/22
 25777 | Swamp:2  | Received a gift from Okawaru
 26366 | Swamp:3  | Reached skill level 1 in Dodging
 26937 | Swamp:4  | Entered Level 4 of the Swamp
 27730 | Swamp:4  | Identified the -2 pair of gloves of Focus {rF- rC+ Stlth+}
                  | (Okawaru gifted it to you on level 4 of the Swamp)
 27730 | Swamp:4  | Received a gift from Okawaru
 27935 | Swamp:4  | HP: 5/120 [six-headed hydra simulacrum (8)]
 28336 | Swamp:4  | Got a decaying rune of Zot
 28357 | Swamp:4  | Acquired 581 gold pieces
 28537 | Elf:1    | Entered Level 1 of the Elven Halls
 28680 | Elf:1    | Paralysed by an air elemental for 1 turns
 28683 | Elf:1    | Paralysed by an air elemental for 1 turns
 29067 | Elf:1    | Identified the ring "Hyramiph" {rF+ rC+ rN+}
 29175 | Elf:1    | Reached skill level 15 in Armour
 29179 | Elf:1    | Reached XP level 18. HP: 125/126 MP: 23/23
 29448 | Elf:2    | Found a runed translucent door.
 29463 | Elf:2    | Noticed qborf's ghost (adept DsCj)
 29830 | Elf:2    | Noticed a Hell Sentinel
 29830 | Elf:2    | Noticed a Hell Sentinel
 29897 | Elf:2    | Identified the +0 ring mail of the Lobster {-Cast rF++}
                  | (Okawaru gifted it to you on level 2 of the Elven Halls)
 29897 | Elf:2    | Received a gift from Okawaru
 29900 | Elf:2    | Reached skill level 15 in Shields
 30270 | Elf:2    | Found a runed translucent gate.
 30271 | Elf:2    | Found a runed translucent gate.
 30271 | Elf:2    | Found a runed translucent gate.
 30358 | Elf:2    | Noticed a deep elf blademaster
 30371 | Elf:2    | Killed a deep elf blademaster
 30755 | Elf:2    | Killed qborf's ghost
 30819 | Elf:3    | Entered Level 3 of the Elven Halls
 30829 | Elf:3    | Paralysed by an air elemental for 1 turns
 31286 | Elf:3    | Found Veggoj's Antique Armour Emporium.
 31292 | Elf:3    | Bought a black opal-encrusted plate armour for 980 gold
                  | pieces
 31292 | Elf:3    | Identified the +8 plate armour of the Accordion {Str+2}
                  | (You bought it in a shop on level 3 of the Elven Halls)
 31352 | Elf:3    | Noticed a Brimstone Fiend
 31458 | Elf:3    | Received a gift from Okawaru
 31477 | Elf:3    | Noticed a deep elf master archer
 31490 | Elf:3    | Killed a deep elf master archer
 31491 | Elf:3    | Reached skill level 5 in Dodging
 31494 | Elf:3    | Noticed a deep elf blademaster
 31494 | Elf:3    | Noticed a deep elf master archer
 31510 | Elf:3    | Killed a deep elf blademaster
 31520 | Elf:3    | Noticed a deep elf blademaster
 31545 | Elf:3    | Noticed a deep elf master archer
 31561 | Elf:3    | Noticed a deep elf master archer
 31562 | Elf:3    | Noticed an Ice Fiend
 31563 | Elf:3    | Killed a deep elf blademaster
 31573 | Elf:3    | Killed a deep elf master archer
 31574 | Elf:3    | Reached XP level 19. HP: 116/132 MP: 22/24
 31601 | Elf:3    | Identified the ring of Plog {Fire Contam Str+2 Dex+5}
 31603 | Elf:3    | Identified the +6 scimitar of Metri {freeze, rC+ MP+9 Str+4
                  | Dex-2}
 31631 | Elf:3    | Noticed a Hell Sentinel
 31643 | Elf:3    | Killed from afar by a hellion

Illustrated notes

Levels and vault maps discovered:
D:1:      dpeg_arrival_round_b, layout_rooms
D:2:      layout_loops_cross, basic_altar, hellmonk_ecumenical_altar_crossroads,
          minmay_split_cup_large, uniq_jessica, uniq_robin
D:3:      layout_basic, lemuel_crystal_altar, old_standard_altar,
          portal_sewer_entry_f, serial_shops, nicolae_shop_statue_plus,
          minmay_liquid_box
D:4:      layout_loops_ring, gammafunk_ghost_split, uniq_sigmund, uniq_menkaure,
          uniq_grinder
D:5:      layout_rooms, minmay_temple_entry_statues_fountains
D:6:      layout_rooms, riverfiend_overflow_shadow_ancestor,
          minmay_misc_feat_columns, uniq_eustachio
D:7:      lemuel_bear_cage, layout_layer_cave, serial_shops, shop,
          hangedman_decor_push, uniq_crazy_yiuf_cottage
D:8:      layout_rooms, corner_web_ring, minmay_starry_boxes
D:9:      layout_cave_pools, gammafunk_ghost_nasty_kobolds, uniq_prince_ribbit1,
          uniq_pikel
D:10:     layout_roguey, orc_0_dummy, muffindrake_ghost_dual_entry
D:11:     layout_loops_cross, lair_entry_dummy
D:12:     layout_layer_cave
D:13:     layout_rooms, david_vaults_2, uniq_snorg, uniq_azrael, uniq_maurice
D:14:     layout_rooms
D:15:     grunt_enter_depths_hoard, layout_basic, gammafunk_ghost_grave,
          uniq_jorgrun
Temple:   mainiacjoe_temple_coin_purse
Lair:1:   wad_woods_minihive, layout_cave_pods, worms_lemuel,
          infiniplex_staircase_pool
Lair:2:   layout_cave_pods, skrybe_swamp_entry_bodies, st_stairs_9,
          cheibrodos_lair_reptile_den
Lair:3:   layout_big_grid, guppyfry_snake_entry_island,
          grunt_forest_large_clearings, serial_bayou_shore_a
Lair:4:   layout_regular_city, nicolae_slime_entry_slimehenge, serial_forest,
          infiniplex_forest_diagonal, infiniplex_forest_end_2,
          infiniplex_forest_straight_2, infiniplex_forest_lined_2,
          infiniplex_forest_clump_large, infiniplex_forest_end_1,
          beast_lair_carwin_11, serial_bayou_shore_b, lemuel_fruit_tree
Lair:5:   wormcave, layout_regular_city, hangedman_lair_in_review
Swamp:1:  gammafunk_worm_tunnel, layout_basic_swamp, gammafunk_ghost_mausoleum,
          evilmike_swamp_ruin_house_5
Swamp:2:  layout_basic_swamp, hangedman_swamp_lotus, swamp_pool2
Swamp:3:  layout_falls_marsh, serial_swamp_ruin, evilmike_swamp_ruin_house_6,
          hangedman_swamp_ruin_wall, evilmike_swamp_ruin_rubble_2
Swamp:4:  swamp_icy, layout_basic_swamp
Orc:1:    nicolae_orc_accident_3, layout_diamond_mine, uniq_erica
Orc:2:    st_orc_open, layout_caves
Elf:1:    layout_loops_cross, hangedman_elf_disciples
Elf:2:    nicolae_elf_blades_crystal_corner, layout_onion_city,
          gammafunk_ghost_grave
Elf:3:    minmay_elf_hall_hex, layout_geoelf_octagon, serial_shops,
          shop_fountains

Skill      XL: |  1  2  3  4  5  6  7  8  9 10 11 12 13 14 15 16 17 18 |
---------------+-------------------------------------------------------+-----
Fighting       | 4 5 6 7 8 10 11 12 14 15 16 17 18 19 | 19.0
Maces & Flails | 3 4 6 7 8 10 11 13 14 16 17 18 19 | 19.8
Armour         | 4 5 6 7 8 9 10 11 13 14 15 | 15.8
Shields        | 4 5 6 7 8 9 10 11 12 14 15 | 15.6
Invocations    | 1 5 6 7 |  7.7
Dodging        | 3 5 |  5.4

Action                     |  1- 3 |  4- 6 |  7- 9 | 10-12 | 13-15 | 16-18 | 19-21 || total
---------------------------+-------+-------+-------+-------+-------+-------+-------++-------
  Melee: Flail             |    93 |   320 |   355 |   179 |       |       |       ||   947
         Unarmed           |       |       |     3 |       |       |       |       ||     3
         Morningstar       |       |       |       |   435 |   176 |       |       ||   611
         Eveningstar       |       |       |       |       |   921 |  1137 |    36 ||  2094
 Invoke: Heroism           |       |       |     1 |     8 |     6 |    15 |     2 ||    32
         Finesse           |       |       |       |     2 |       |     1 |     1 ||     4
    Use: Scroll            |     2 |     6 |     3 |     6 |     9 |     6 |     4 ||    36
         Potion            |       |     3 |     1 |     5 |     1 |     2 |     3 ||    15
   Stab: Petrified         |       |       |       |       |     6 |       |       ||     6
 Armour: Scale mail        |    74 |   198 |   257 |   493 |   504 |    50 |       ||  1576
         Plate armour      |       |       |       |       |       |   475 |    35 ||   510
  Dodge: Dodged            |    65 |   139 |   149 |   280 |   347 |   176 |    12 ||  1168
         Repelled          |       |       |       |       |     6 |    16 |     1 ||    23
  Block: Buckler           |    24 |    65 |   115 |   131 |       |       |       ||   335
         Kite shield       |       |       |       |   178 |   673 |   644 |    37 ||  1532

Table legend: (Time is in decaauts)
 A = Elapsed time spent in this place.
 B = Non-inter-level travel time spent in this place.
 C = Inter-level travel time spent in this place.
 D = Time resting spent in this place.
 E = Time spent auto-exploring this place.
 F = Levels seen in this place.
 G = Mean time per level.
                   A        B        C        D        E       F      G
               +--------+--------+--------+--------+--------+-----+--------+
         Total |  32686 |  30391 |   2295 |   8151 |  16021 |  31 | 1054.4 |
       Dungeon |  15539 |  14149 |   1390 |   2588 |   8489 |  15 | 1035.9 |
        Temple |    123 |     96 |     27 |      0 |     80 |   1 |  123.0 |
          Lair |   7105 |   6754 |    351 |   2461 |   3321 |   5 | 1421.0 |
         Swamp |   4633 |   4401 |    232 |   1861 |   1740 |   4 | 1158.2 |
  Orcish Mines |   1498 |   1301 |    197 |    343 |    541 |   2 |  749.0 |
   Elven Halls |   3191 |   3094 |     97 |    896 |   1487 |   3 | 1063.7 |
         Sewer |    595 |    595 |      0 |      0 |    362 |   1 |  595.0 |
               +--------+--------+--------+--------+--------+-----+--------+

Top non-repeatable levels by time:
  Lair:2: 2028 daAuts
     D:7: 1914 daAuts
    D:11: 1811 daAuts
  Lair:5: 1733 daAuts
  Lair:1: 1653 daAuts
   Elf:2: 1495 daAuts
 Swamp:1: 1472 daAuts
 Swamp:4: 1335 daAuts
    D:10: 1300 daAuts
     D:8: 1287 daAuts
     D:9: 1135 daAuts
    D:12: 1042 daAuts
    D:15: 1007 daAuts
     D:4: 966 daAuts
 Swamp:3: 932 daAuts
